| TOP OF THE 1ST |
|
Scranton WB RailRiders batting - Pitching for Rochester Red Wings : RHP Bill Rondeau
|
|
Pitching: RHP Bill Rondeau
|
|
|
Batting: RHB Devon Utley
|
0-0: Called Strike 0-1: Swinging Strike 0-2: Foul Ball, location: 2F 0-2: Ball 1-2: Foul Ball, location: 2F 1-2: Strikes out swinging
|
|
Batting: LHB Aaron Joyner
|
0-0: Ball 1-0: Called Strike 1-1: Ground out 6-3 (Groundball, 56, EV 80.6 MPH)
|
|
Batting: SHB Mukhtar Wa'il
|
0-0: Ball 1-0: Foul Ball, location: 2F 1-1: Ball 2-1: Foul Ball, location: 2F 2-2: Ball 3-2: Strikes out swinging
|
| Top of the 1st over - 0 runs, 0 hits, 0 errors, 0 left on base; Scranton WB 0 - Rochester 0 |
| BOTTOM OF THE 1ST |
|
Rochester Red Wings batting - Pitching for Scranton WB RailRiders : LHP Omar Quinones
|
|
Pitching: LHP Omar Quinones
|
|
|
Batting: RHB Joe Young
|
0-0: Bunt missed! 0-1: Ground out U3 (Groundball, 3L, EV 90.0 MPH)
|
|
Batting: SHB Ian Thompson
|
0-0: Ball 1-0: Called Strike 1-1: Ball 2-1: Called Strike 2-2: Strikes out swinging
|
|
Batting: LHB Chaim Huting
|
0-0: Ball 1-0: Foul Ball, location: 2F 1-1: Foul Ball, location: 2F 1-2: Foul Ball, location: 2F 1-2: SINGLE (Groundball, 6MS, EV 75.6 MPH) (infield hit)
|
|
Batting: RHB Mike Craver
|
0-0: Ball 1-0: SINGLE (Groundball, 34D, EV 99.4 MPH) Chaim Huting to second Runner from 2nd tries for 3rd, OUT! 9-5
|
| Bottom of the 1st over - 0 runs, 2 hits, 0 errors, 1 left on base; Scranton WB 0 - Rochester 0 |
| TOP OF THE 2ND |
|
Scranton WB RailRiders batting - Pitching for Rochester Red Wings : RHP Bill Rondeau
|
|
Batting: SHB Ryan Buchbinder
|
0-0: Foul Ball, location: 2F 0-1: Foul Ball, location: 2F 0-2: SINGLE (Line Drive, 7S, EV 110.6 MPH)
|
|
Batting: RHB Andy Wasierski
|
0-0: Ball 1-0: Called Strike 1-1: Ball 2-1: Ball 3-1: Foul Ball, location: 2F 3-2: Fielders Choice at 2nd, 4-6 (Groundball, 4, EV 85.0 MPH)
|
|
Batting: RHB Alfredo Rodriguez
|
0-0: Called Strike 0-1: Foul Ball, location: 2F 0-2: Foul Ball, location: 2F 0-2: Ball 1-2: Foul Ball, location: 2F 1-2: Foul Ball, location: 2F 1-2: Ball 2-2: Strikes out swinging
|
|
Batting: SHB Joe Fure
|
0-0: Ball 1-0: Foul Ball, location: 2F 1-1: Ball 2-1: Ground out 5-3 (Groundball, 56, EV 101.2 MPH)
|
| Top of the 2nd over - 0 runs, 1 hit, 0 errors, 1 left on base; Scranton WB 0 - Rochester 0 |
| BOTTOM OF THE 2ND |
|
Rochester Red Wings batting - Pitching for Scranton WB RailRiders : LHP Omar Quinones
|
|
Batting: LHB Chris Munguia
|
0-0: Ball 1-0: Ground out U3 (Groundball, 3L, EV 102.5 MPH)
|
|
Batting: RHB Manuel Juarez
|
0-0: Fly out, F8 (Flyball, 8RXD, EV 95.6 MPH)
|
|
Batting: SHB Manny Molina
|
0-0: Ball 1-0: SINGLE (Groundball, 34, EV 107.5 MPH)
|
|
Batting: RHB Ryan Gautney
|
0-0: Called Strike 0-1: Ground out 4-3 (Groundball, 4, EV 90.0 MPH)
|
| Bottom of the 2nd over - 0 runs, 1 hit, 0 errors, 1 left on base; Scranton WB 0 - Rochester 0 |
| TOP OF THE 3RD |
|
Scranton WB RailRiders batting - Pitching for Rochester Red Wings : RHP Bill Rondeau
|
|
Batting: RHB Josh Zoglmann
|
0-0: Ground out 6-3 (Groundball, 6, EV 86.9 MPH)
|
|
Batting: RHB Mike Plugge
|
0-0: Called Strike 0-1: Foul Ball, location: 2F 0-2: Ground out 6-3 (Groundball, 6MS, EV 66.9 MPH)
|
|
Batting: RHB Devon Utley
|
0-0: Ball 1-0: SINGLE (Groundball, 6MD, EV 108.8 MPH)
|
|
Batting: LHB Aaron Joyner
|
0-0: Called Strike 0-1: Ball Devon Utley steals 2nd base 1-1: Ball 2-1: Ball 3-1: Called Strike 3-2: Base on Balls
|
|
Batting: SHB Mukhtar Wa'il
|
0-0: Called Strike 0-1: Called Strike 0-2: Strikes out swinging
|
| Top of the 3rd over - 0 runs, 1 hit, 0 errors, 2 left on base; Scranton WB 0 - Rochester 0 |
| BOTTOM OF THE 3RD |
|
Rochester Red Wings batting - Pitching for Scranton WB RailRiders : LHP Omar Quinones
|
|
Batting: RHB Juan Espinoza
|
0-0: Fly out, F8 (Line Drive, 8RD, EV 93.1 MPH)
|
|
Batting: RHB Joe Young
|
0-0: Called Strike 0-1: Ball 1-1: DOUBLE (Flyball, 8LXD, EV 111.9 MPH)
|
|
Batting: SHB Ian Thompson
|
0-0: Ball 1-0: Ball 2-0: Ball 3-0: Base on Balls
|
|
Batting: LHB Chaim Huting
|
0-0: Ball 1-0: Ball 2-0: Ball 3-0: Called Strike 3-1: Base on Balls Joe Young to third Ian Thompson to second
|
|
Batting: RHB Mike Craver
|
0-0: Ground out U3 (Groundball, 34S, EV 66.2 MPH) Joe Young scores Ian Thompson to third Chaim Huting to second
|
|
Batting: LHB Chris Munguia
|
0-0: Called Strike 0-1: Called Strike 0-2: Ground out 4-3 (Groundball, 4, EV 105.0 MPH)
|
| Bottom of the 3rd over - 1 run, 1 hit, 0 errors, 2 left on base; Scranton WB 0 - Rochester 1 |
| TOP OF THE 4TH |
|
Scranton WB RailRiders batting - Pitching for Rochester Red Wings : RHP Bill Rondeau
|
|
Batting: SHB Ryan Buchbinder
|
0-0: Ball 1-0: Ground out 4-3 (Groundball, 4, EV 84.4 MPH)
|
|
Batting: RHB Andy Wasierski
|
0-0: Called Strike 0-1: Swinging Strike 0-2: SINGLE (Groundball, 56D, EV 104.4 MPH)
|
|
Batting: RHB Alfredo Rodriguez
|
0-0: Called Strike 0-1: Ball 1-1: Ball 2-1: Fly out, F7 (Line Drive, 7, EV 91.2 MPH)
|
|
Batting: SHB Joe Fure
|
0-0: Ball 1-0: Called Strike 1-1: Swinging Strike 1-2: SINGLE (Groundball, 3D, EV 95.6 MPH) Andy Wasierski to second Runner from 2nd tries for 3rd, SAFE, throw by RF made to third
|
|
Batting: RHB Josh Zoglmann
|
0-0: Ball 1-0: Called Strike Joe Fure is caught stealing 2nd base 2-4
|
| Top of the 4th over - 0 runs, 2 hits, 0 errors, 1 left on base; Scranton WB 0 - Rochester 1 |
| BOTTOM OF THE 4TH |
|
Rochester Red Wings batting - Pitching for Scranton WB RailRiders : LHP Omar Quinones
|
|
Batting: RHB Manuel Juarez
|
0-0: Foul Ball, location: 2F 0-1: Ball 1-1: Ground out 6-3 (Groundball, 56, EV 108.8 MPH)
|
|
Batting: SHB Manny Molina
|
0-0: Ball 1-0: Ball 2-0: Foul Ball, location: 2F 2-1: Fly out, F9 (Line Drive, 9S, EV 85.6 MPH)
|
|
Batting: RHB Ryan Gautney
|
0-0: Called Strike 0-1: Ball 1-1: Foul Ball, location: 2F 1-2: Ball 2-2: Ball 3-2: Foul Ball, location: 2F 3-2: Base on Balls
|
|
Batting: RHB Juan Espinoza
|
0-0: Called Strike 0-1: Ball 1-1: Ball 2-1: Foul Ball, location: 2F 2-2: Foul Ball, location: 2F 2-2: Strikes out swinging
|
| Bottom of the 4th over - 0 runs, 0 hits, 0 errors, 1 left on base; Scranton WB 0 - Rochester 1 |
| TOP OF THE 5TH |
|
Scranton WB RailRiders batting - Pitching for Rochester Red Wings : RHP Bill Rondeau
|
|
Batting: RHB Josh Zoglmann
|
0-0: Swinging Strike 0-1: Foul Ball, location: 2F 0-2: Foul Ball, location: 2F 0-2: Ground out 6-3 (Groundball, 6, EV 99.4 MPH)
|
|
Batting: RHB Mike Plugge
|
0-0: Called Strike 0-1: Ball 1-1: Ball 2-1: Fly out, F7 (Flyball, 7D, EV 80.6 MPH)
|
|
Batting: RHB Devon Utley
|
0-0: Called Strike 0-1: Ball 1-1: Ball 2-1: Called Strike 2-2: Ground out 5-3 (Groundball, 56, EV 96.9 MPH)
|
| Top of the 5th over - 0 runs, 0 hits, 0 errors, 0 left on base; Scranton WB 0 - Rochester 1 |
| BOTTOM OF THE 5TH |
|
Rochester Red Wings batting - Pitching for Scranton WB RailRiders : LHP Omar Quinones
|
|
Batting: RHB Joe Young
|
0-0: Ball 1-0: Called Strike 1-1: Foul Ball, location: 2F 1-2: Ground out 6-3 (Groundball, 6, EV 82.5 MPH)
|
|
Batting: SHB Ian Thompson
|
0-0: Ball 1-0: Ground out 5-3 (Groundball, 5L, EV 101.2 MPH)
|
|
Batting: LHB Chaim Huting
|
0-0: Ball 1-0: Ball 2-0: Foul Ball, location: 2F 2-1: Ball 3-1: Base on Balls
|
|
Batting: RHB Mike Craver
|
0-0: Ball 1-0: Fly out, F6 (Popup, 15, EV 80.0 MPH)
|
| Bottom of the 5th over - 0 runs, 0 hits, 0 errors, 1 left on base; Scranton WB 0 - Rochester 1 |
| TOP OF THE 6TH |
|
Scranton WB RailRiders batting - Pitching for Rochester Red Wings : RHP Bill Rondeau
|
|
Batting: LHB Aaron Joyner
|
0-0: Called Strike 0-1: Fly out, F8 (Flyball, 8RXD, EV 86.2 MPH)
|
|
Batting: SHB Mukhtar Wa'il
|
0-0: Called Strike 0-1: Ball 1-1: Fly out, F7 (Line Drive, 7LM, EV 93.8 MPH)
|
|
Batting: SHB Ryan Buchbinder
|
0-0: Ball 1-0: Ball 2-0: Ground out 6-3 (Groundball, 6, EV 78.8 MPH)
|
| Top of the 6th over - 0 runs, 0 hits, 0 errors, 0 left on base; Scranton WB 0 - Rochester 1 |
| BOTTOM OF THE 6TH |
|
Rochester Red Wings batting - Pitching for Scranton WB RailRiders : LHP Omar Quinones
|
|
Batting: LHB Chris Munguia
|
0-0: Ball 1-0: Ball 2-0: Swinging Strike 2-1: Ground out 6-3 (Groundball, 6, EV 97.5 MPH)
|
|
Batting: RHB Manuel Juarez
|
0-0: Ball 1-0: Called Strike 1-1: Ball 2-1: Ball 3-1: Swinging Strike 3-2: Ground out 5-3 (Groundball, 56, EV 84.4 MPH)
|
|
Batting: SHB Manny Molina
|
0-0: Foul Ball, location: 2F 0-1: Ball 1-1: Ball 2-1: Called Strike 2-2: Ball 3-2: SINGLE (Groundball, 6MD, EV 108.8 MPH)
|
|
Pitching: RHP Whitney Batten
|
|
|
Batting: RHB Ryan Gautney
|
0-0: Ball 1-0: Called Strike 1-1: Swinging Strike 1-2: SINGLE (Groundball, 6D, EV 100.0 MPH) Manny Molina to second
|
|
Batting: RHB Juan Espinoza
|
0-0: Called Strike 0-1: Fielders Choice at 2nd, 6-4 (Groundball, 6, EV 110.0 MPH)
|
| Bottom of the 6th over - 0 runs, 2 hits, 0 errors, 2 left on base; Scranton WB 0 - Rochester 1 |
| TOP OF THE 7TH |
|
Scranton WB RailRiders batting - Pitching for Rochester Red Wings : RHP Bill Rondeau
|
|
Batting: RHB Andy Wasierski
|
0-0: Ball 1-0: Foul Ball, location: 2F 1-1: Ball 2-1: Foul Ball, location: 2F 2-2: Ball 3-2: Base on Balls
|
|
Batting: RHB Alfredo Rodriguez
|
0-0: Ball 1-0: Called Strike 1-1: Called Strike 1-2: Fly out, F8 (Flyball, 8LD, EV 95.0 MPH)
|
|
Batting: SHB Joe Fure
|
0-0: Called Strike 0-1: Ball 1-1: Ball 2-1: Grounds into double play, 6-4-3 (Groundball, 6, EV 103.8 MPH)
|
| Top of the 7th over - 0 runs, 0 hits, 0 errors, 0 left on base; Scranton WB 0 - Rochester 1 |
| BOTTOM OF THE 7TH |
|
Rochester Red Wings batting - Pitching for Scranton WB RailRiders : RHP Whitney Batten
|
|
Batting: RHB Joe Young
|
0-0: Ball 1-0: Ball 2-0: Ground out 6-3 (Groundball, 6, EV 86.9 MPH)
|
|
Batting: SHB Ian Thompson
|
0-0: Ball 1-0: Foul Ball, location: 2F 1-1: Foul Ball, location: 2F 1-2: Strikes out looking
|
|
Batting: LHB Chaim Huting
|
0-0: Ball 1-0: SINGLE (Groundball, 25, EV 70.6 MPH) (infield hit)
|
|
Batting: RHB Mike Craver
|
0-0: Swinging Strike 0-1: Swinging Strike 0-2: Ball 1-2: Strikes out swinging
|
| Bottom of the 7th over - 0 runs, 1 hit, 0 errors, 1 left on base; Scranton WB 0 - Rochester 1 |
| TOP OF THE 8TH |
|
Scranton WB RailRiders batting - Pitching for Rochester Red Wings : RHP Bill Rondeau
|
|
Pinch Hitting: LHB Paul Diaz
|
0-0: Ground out 4-3 (Groundball, 4, EV 90.6 MPH)
|
|
Pinch Hitting: RHB Jerry Castro
|
0-0: Ball 1-0: Foul Ball, location: 2F 1-1: Foul Ball, location: 2F 1-2: Ball 2-2: Ball 3-2: Foul Ball, location: 2F 3-2: Ground out 6-3 (Groundball, 6, EV 78.8 MPH)
|
|
Batting: RHB Devon Utley
|
0-0: Foul Ball, location: 2F 0-1: Foul Ball, location: 2F 0-2: SINGLE (Flyball, 3D, EV 92.5 MPH)
|
|
Pitching: RHP Mark Case
|
|
|
Batting: LHB Aaron Joyner
|
0-0: Ball 1-0: Called Strike 1-1: Foul Ball, location: 2F 1-2: Fly out, F5 (Popup, 5SF, EV 85.0 MPH)
|
| Top of the 8th over - 0 runs, 1 hit, 0 errors, 1 left on base; Scranton WB 0 - Rochester 1 |
| BOTTOM OF THE 8TH |
|
Rochester Red Wings batting - Pitching for Scranton WB RailRiders : RHP Whitney Batten
|
|
Now at 2B: Paul Diaz
|
|
|
Now at 3B: Jerry Castro
|
|
|
Now at SS: Andy Wasierski
|
|
|
Batting: LHB Chris Munguia
|
0-0: Called Strike 0-1: Ball 1-1: Ball 2-1: Foul Ball, location: 2F 2-2: SINGLE (Groundball, 4S, EV 68.1 MPH) (infield hit)
|
|
Batting: RHB Manuel Juarez
|
0-0: Called Strike 0-1: Called Strike 0-2: Foul Ball, location: 2F 0-2: Ground out 5-3 (Groundball, 25, EV 85.6 MPH) Chris Munguia to second
|
|
Batting: SHB Manny Molina
|
0-0: Ball Chris Munguia is caught stealing 3rd base 2-5 1-0: Ball 2-0: Foul Ball, location: 2F 2-1: Ball 3-1: Called Strike 3-2: DOUBLE (Flyball, 8RD, EV 104.4 MPH)
|
|
Batting: RHB Ryan Gautney
|
0-0: Ball 1-0: SINGLE (Groundball, 56D, EV 103.8 MPH) Manny Molina to third Runner from 3rd tries for Home, SAFE, throw by LF to home
|
|
Batting: RHB Juan Espinoza
|
0-0: Called Strike 0-1: Called Strike 0-2: Strikes out swinging
|
| Bottom of the 8th over - 1 run, 3 hits, 0 errors, 1 left on base; Scranton WB 0 - Rochester 2 |
| TOP OF THE 9TH |
|
Scranton WB RailRiders batting - Pitching for Rochester Red Wings : RHP Mark Case
|
|
Now at 2B: Joe Young
|
|
|
Now at 3B: Ryan Gautney
|
|
|
Now at SS: Dan Grable
|
|
|
Batting: SHB Mukhtar Wa'il
|
0-0: Ball 1-0: SOLO HOME RUN (Line Drive, 9LD, EV 95.6 MPH), Distance : 370 ft
|
|
Batting: SHB Ryan Buchbinder
|
0-0: Ground out 4-3 (Groundball, 4, EV 79.4 MPH)
|
|
Batting: RHB Andy Wasierski
|
0-0: Ball 1-0: Foul Ball, location: 2F 1-1: Hit by Pitch
|
|
Batting: RHB Alfredo Rodriguez
|
0-0: Ball 1-0: Reached on error, E5 (Groundball, 56, EV 91.9 MPH) Andy Wasierski to second
|
|
Batting: SHB Joe Fure
|
0-0: Called Strike 0-1: Called Strike 0-2: Ball 1-2: Strikes out swinging
|
|
Batting: LHB Paul Diaz
|
0-0: Called Strike 0-1: SINGLE (Line Drive, 9LM, EV 106.2 MPH) Andy Wasierski to third Alfredo Rodriguez to second Runner from 3rd tries for Home, throw by RF and OUT! 9-2
|
| Top of the 9th over - 1 run, 2 hits, 1 error, 2 left on base; Scranton WB 1 - Rochester 2 |
|